 Dungeon Crawl Stone Soup version 0.28-a0-1485-g077359a4bf (webtiles) character file.

Game seed: 5916031068130898214

6799 vineage the Basher (level 10, -8/103 HPs)
             Began as a Minotaur Gladiator on Jan 10, 2022.
             Was a High Priest of Okawaru.
             Mangled by Grum (9 damage)
             ... on level 9 of the Dungeon on Jan 11, 2022.
             The game lasted 00:13:47 (10605 turns).

vineage the Basher (Minotaur Gladiator)            Turns: 10605, Time: 00:13:48

Health: -8/103     AC: 12    Str: 22    XL:     10   Next: 76%
Magic:  9/9        EV:  7    Int:  5    God:    Okawaru [*****.]
Gold:   428        SH:  0    Dex: 18    Spells: 9/9 levels left

rFire   . . .      SeeInvis .   u - +9 mace "Peug" {drain, rC+ Str+3}
rCold   + . .      Faith    .   (no shield)
rNeg    . . .      Spirit   .   r - +0 plate armour
rPois   +          Reflect  .   c - +1 hat
rElec   .          Harm     .   k - +0 cloak
rCorr   .          Rampage  .   (no gloves)
Will    +....                   (no boots)
Stlth   ..........              (no amulet)
HPRegen 0.27/turn               l - ring of poison resistance
MPRegen 0.11/turn               s - ring of willpower

@: no status effects
A: horns 2, retaliatory headbutt, talons 1, agile 1
a: Renounce Religion, Heroism, Finesse, Duel


You were on level 9 of the Dungeon.
You worshipped Okawaru.
Okawaru was extremely pleased with you.
You visited 2 branches of the dungeon, and saw 10 of its levels.
You also visited: Ossuary.

You collected 428 gold pieces.

Inventory:

Hand Weapons
 a - a +0 flail
 i - a +2 whip of freezing
 u - the +9 mace "Peug" (weapon) {drain, rC+ Str+3}
   (You found it on level 7 of the Dungeon)

   A truly terrible weapon, it drains the life of any living foe it strikes.
   Str:       It affects your strength (+3).
   rC:        It protects you from cold.
Missiles
 d - 5 throwing nets (quivered)
Armour
 b - a +0 leather armour
 c - a +1 hat (worn)
 j - a +0 ring mail
 k - a +0 cloak (worn)
 n - an orb of wrath
 r - a +0 plate armour (worn)
Jewellery
 h - an amulet of faith
 l - a ring of poison resistance (left hand)
 s - a ring of willpower (right hand)
 t - the ring of Reitiff {rElec rCorr SInv}
   (You found it on level 8 of the Dungeon)

   [ring of resist corrosion]

   rElec:     It insulates you from electricity.
   SInv:      It lets you see invisible.
   rCorr:     It protects you from acid and corrosion.
Wands
 f - a wand of iceblast (7)
 w - a wand of digging (6)
 y - a wand of polymorph (7)
 B - a wand of acid (9)
Scrolls
 g - a scroll of teleportation
 m - 3 scrolls of identify
 o - 2 scrolls of fog
 p - a scroll of brand weapon
Potions
 e - 2 potions of cancellation
 q - 2 potions of magic
 v - 2 potions of curing
 x - a potion of invisibility
 z - 2 potions of brilliance
 A - a potion of ambrosia
 C - 2 potions of heal wounds
 D - a potion of flight {unknown}


   Skills:
 + Level 14.0 Fighting
 + Level 14.2 Maces & Flails
 - Level 2.0 Throwing
 - Level 3.2 Dodging


You had 9 spell levels left.
You didn't know any spells.
Your spell library contained the following spells:

 Spells                   Type           Power      Damage    Failure   Level
 Ensorcelled Hibernation  Hex/Ice        0%         N/A       100%        2
 Passwall                 Tmut/Erth      0%         N/A       100%        2
 Ozocubu's Armour         Ice            0%         N/A       100%        3
 Swiftness                Air            0%         N/A       100%        3
 Eringya's Noxious Bog    Tmut/Pois      0%         N/A       100%        6
 Ozocubu's Refrigeration  Ice            0%         4d5       100%        7
 Summon Forest            Summ/Tloc      Unusable   N/A       N/A         5
 Summon Hydra             Summ           Unusable   N/A       N/A         7

Dungeon Overview and Level Annotations

Branches:
Dungeon (9/15)             Temple (1/1) D:4            Lair (0/6) D:9
    Orc (0/2) D:9         Ossuary (visited)

Altars:
Ashenzari
Cheibriados
Dithmenos
Elyvilon
Fedhas
Gozag
Hepliaklqana
Kikubaaqudgha
Makhleb
Okawaru
Qazlal
Ru
Sif Muna
Trog
Uskayaw
Vehumet
Wu Jian
Xom
Yredelemnul
Zin
The Shining One

Annotations:
D:9 Grum


Innate Abilities, Weirdness & Mutations

You have a pair of horns on your head.
You reflexively headbutt those who attack you in melee.
You have sharp toenails.
You are agile. (Dex +2)


Message History

The wolf barely misses you. x2
You sock the wolf!
You kill the wolf!
Okawaru accepts your kill. The wolf completely misses you.
You sock the wolf! Your headbutt misses the wolf.
The wolf is severely wounded.
The wolf bites you but does no damage. The wolf bites you.
The wolf barely misses you. The wolf bites you!
You bludgeon the wolf!!
You kill the wolf!
Okawaru accepts your kill. The wolf bites you.
You sock the wolf! You drain the wolf. You claw the wolf, but do no damage.
Your headbutt misses the wolf.
The wolf is heavily wounded.
The wolf completely misses you.
You sock the wolf!
You kill the wolf!
Okawaru accepts your kill.
Your Fighting skill increases to level 14!
You start resting.
Grum the Hunter comes into view.
He is wielding a -2 spear.
Grum is nearby!
Grum is nearby!
Grum growls angrily.
You hear a bark!
Grum drinks a potion.
Grum goes berserk!
Grum closely misses you.
Grum hits you from afar with a -2 spear.
Grum hits you with a -2 spear!
You sock Grum!
Grum is moderately wounded.
Grum hits you with a -2 spear!!
* * * LOW HITPOINT WARNING * * *
You sock Grum! You claw Grum.
Grum is heavily wounded.
Grum hits you with a -2 spear!!
* * * LOW HITPOINT WARNING * * *
Grum hits you with a -2 spear!
You die...

.............#...............
.............#.......≈.......
.............#...>....≈≈≈.≈.≈
#####........#####†#..≈≈≈≈.≈≈
#..............#...≈≈≈≈≈.
#....###.......#..†≈≈≈≈≈≈
#...## ##......#≈≈≈≈≈hh≈≈
#..## ##.....#≈≈≈≈≈hh.≈
##.@###h≈≈≈hhh..
##g...≈≈≈≈≈≈.>.
##.h.≈≈≈≈≈≈... ...≈≈≈≈≈≈..≈
..#.≈≈≈≈≈≈.≈ .....≈≈ .....≈≈
....≈..


You could see Grum (berserk) and a wolf.

Vanquished Creatures
  Pikel (D:4)
  2 trolls (D:8)
  A hornet (D:8)
  Grinder (D:4)
  2 wraiths (Ossuary)
  5 yaks (D:8)
  A wyvern (D:8)
  Menkaure (D:5)
  3 steam dragons (D:8)
  2 water moccasins
  A sky beast (D:7)
  2 orc warriors
  2 necrophages (D:4)
  An ice beast (D:7)
  2 ogres
  3 wolves (D:9)
  3 centaurs
  2 lemures (D:4)
  3 kobold brigands (D:8)
  3 bullfrogs
  A gnoll sergeant (D:8)
  A wyvern zombie (D:7)
  3 scorpions
  A wyvern skeleton (D:6)
  6 killer bees (D:8)
  An electric eel (D:9)
  13 wights
  2 howler monkeys
  2 centaur zombies
  2 hounds
  2 jellies
  3 orc priests
  Crazy Yiuf (D:7)
  A gnoll shaman (D:8)
  A centaur skeleton (D:7)
  2 orc wizards
  3 iguanas
  A killer bee zombie (D:8)
  2 hound skeletons
  2 howler monkey zombies (D:8)
  6 adders
  2 white imps
  An ufetubus (D:4)
  3 adder zombies (Ossuary)
  An adder skeleton (D:4)
  2 worms
  2 dart slugs
  24 orcs
  4 endoplasms
  8 giant cockroaches
  13 goblins
  10 hobgoblins
  14 jackals
  2 quokkas (D:3)
  12 ball pythons
  4 bats
  4 frilled lizards
  A hobgoblin zombie (Ossuary)
  19 kobolds
  A kobold zombie (Ossuary)
  An orc skeleton (Ossuary)
  An orc zombie (Ossuary)
  3 rats
229 creatures vanquished.

Vanquished Creatures (others)
  5 demonic plants (D:2)
  4 withered plants (D:2)
9 creatures vanquished.

Grand Total: 238 creatures vanquished

Notes
Turn   | Place    | Note
-------+----------+-------------------------------------------
     0 | D:1      | vineage the Minotaur Gladiator began the quest for the Orb.
     0 | D:1      | Reached XP level 1. HP: 18/18 MP: 0/0
   478 | D:1      | Reached XP level 2. HP: 26/26 MP: 1/1
   721 | D:1      | You fall into a shaft and drop 1 floor!
   876 | D:2      | Found a faded altar of an unknown god.
   952 | D:2      | Reached XP level 3. HP: 24/31 MP: 2/2
  1963 | D:2      | Upgraded the game from 0.28-a0-1447-ga5a8893891 to
                  | 0.28-a0-1485-g077359a4bf
  1985 | D:3      | Noticed a scorpion
  1996 | D:2      | Killed a scorpion
  1997 | D:2      | Reached skill level 5 in Maces & Flails
  1997 | D:2      | Reached XP level 4. HP: 17/41 MP: 3/3
  2235 | D:3      | Found a snail-covered altar of Cheibriados.
  2310 | D:3      | HP: 1/41 [hobgoblin (5)]
  2335 | D:3      | Reached XP level 5. HP: 8/47 MP: 4/4
  2988 | D:4      | Reached skill level 5 in Fighting
  2990 | D:4      | Noticed a necrophage
  2992 | D:4      | Found a staircase to the Ecumenical Temple.
  2999 | D:4      | Killed a necrophage
  3003 | D:4      | Noticed Grinder
  3030 | Temple   | Entered the Ecumenical Temple
  3274 | Temple   | Became a worshipper of Warmaster Okawaru
  3319 | D:4      | Killed Grinder
  3319 | D:4      | Reached * piety under Okawaru
  3320 | D:4      | Reached XP level 6. HP: 39/58 MP: 5/5
  3463 | D:4      | Noticed Pikel
  3478 | D:4      | Gained mutation: You have sharp toenails. [potion of
                  | mutation]
  3478 | D:4      | Gained mutation: You are agile. (Dex +2) [potion of
                  | mutation]
  3486 | D:4      | Killed Pikel
  3486 | D:4      | Reached ** piety under Okawaru
  3487 | D:4      | Reached XP level 7. HP: 7/67 MP: 6/6
  4140 | D:4      | Reached XP level 8. HP: 68/74 MP: 7/7
  4501 | D:5      | Entered Level 5 of the Dungeon
  5193 | D:5      | Reached *** piety under Okawaru
  5317 | D:5      | Noticed Menkaure
  5323 | D:5      | Killed Menkaure
  6155 | D:5      | Reached skill level 10 in Maces & Flails
  6499 | D:6      | Reached skill level 10 in Fighting
  6821 | D:6      | Reached XP level 9. HP: 81/85 MP: 8/8
  7250 | D:7      | Found a sand-covered staircase.
  7271 | D:7      | Identified the +9 mace "Peug" {drain, rC+ Str+3}
  7280 | Ossuary  | Entered an ossuary
  7736 | Ossuary  | Reached **** piety under Okawaru
  7986 | D:7      | Found a bloodstained altar of Trog.
  7986 | D:7      | Found a sacrificial altar of Ru.
  8147 | D:7      | Found a runed translucent door.
  8148 | D:7      | Noticed Crazy Yiuf
  8564 | D:7      | Killed Crazy Yiuf
  8791 | D:8      | Identified the +1 robe "Dusihitt" {rN+}
  8801 | D:8      | Reached ***** piety under Okawaru
  8813 | D:8      | Reached XP level 10. HP: 65/99 MP: 6/9
  8838 | D:8      | HP: 7/148 [gnoll sergeant (7)]
  9384 | D:8      | Identified the ring of Reitiff {rElec rCorr SInv}
 10072 | D:8      | Received a gift from Okawaru
 10408 | D:9      | Found a staircase to the Orcish Mines.
 10457 | D:9      | Found a staircase to the Lair.
 10600 | D:9      | Noticed Grum
 10605 | D:9      | HP: 1/103 [Grum (23)]
 10605 | D:9      | Mangled by Grum

Illustrated notes

Levels and vault maps discovered:
D:1:      dpeg_arrival_short_road, layout_loops_corners
D:2:      layout_basic, shapermc_ecumenical_altar_gd, minmay_heptomino_d4
D:3:      layout_rooms, mainiacjoe_overflow_small_starburst,
          kennysheep_another_room, grunt_ministairs_2
D:4:      layout_gridville, minmay_temple_entry_arrows, minmay_goblin_outpost,
          uniq_grinder, uniq_pikel
D:5:      layout_cave_pools, mrwooster_statue_mirror,
          hangedman_abyss_or_decor_passed, uniq_menkaure
D:6:      layout_loops_ring
D:7:      layout_basic, gammafunk_temple_overflow_pools,
          lightli_ossuary_entry_decrepit_ruins, enter_bailey_3,
          uniq_crazy_yiuf_cottage
D:8:      kennysheep_windowed_halls, layout_loops_ring
D:9:      layout_gridville, nemelex_spade_bored_becter, erik_lair_island,
          uniq_grum
Temple:   dpeg_five_rooms_temple

Skill      XL: |  1  2  3  4  5  6  7  8  9 10 |
---------------+-------------------------------+-----
Maces & Flails | 4 5 7 8 10 12 14 | 14.2
Fighting       | 3 4 6 7 8 10 12 14 | 14.0
Throwing       | |  2.0
Dodging        | |  3.2

Action                   |  1- 3 |  4- 6 |  7- 9 | 10-12 || total
-------------------------+-------+-------+-------+-------++-------
Melee: Flail             |   102 |   103 |       |       ||   205
       Headbutt          |    12 |    16 |    64 |    12 ||   104
       Punch             |       |     1 |     3 |     2 ||     6
       Kick              |       |     2 |    94 |    23 ||   119
       Whip              |       |       |   182 |       ||   182
       Mace              |       |       |   106 |   104 ||   210
Invok: Heroism           |       |       |     2 |     1 ||     3
  Use: Scroll            |     3 |       |    17 |     1 ||    21
       Potion            |     1 |     5 |       |     4 ||    10
Armor: Leather armour    |    21 |       |       |       ||    21
       Ring mail         |    27 |    39 |    24 |       ||    90
       Plate armour      |       |       |    72 |    49 ||   121
       Skin              |       |       |       |    15 ||    15
Dodge: Dodged            |    58 |    73 |    88 |    29 ||   248

Table legend: (Time is in decaauts)
 A = Elapsed time spent in this place.
 B = Non-inter-level travel time spent in this place.
 C = Inter-level travel time spent in this place.
 D = Time resting spent in this place.
 E = Time spent auto-exploring this place.
 F = Levels seen in this place.
 G = Mean time per level.
                   A        B        C        D        E       F      G
               +--------+--------+--------+--------+--------+-----+--------+
         Total |  10520 |  10011 |    509 |   2084 |   6476 |  11 |  956.4 |
       Dungeon |   9598 |   9156 |    442 |   1830 |   6012 |   9 | 1066.4 |
        Temple |    279 |    212 |     67 |      0 |    201 |   1 |  279.0 |
       Ossuary |    642 |    642 |      0 |    254 |    263 |   1 |  642.0 |
               +--------+--------+--------+--------+--------+-----+--------+

Top non-repeatable levels by time:
     D:4: 2249 daAuts
     D:8: 1691 daAuts
     D:2: 1228 daAuts
     D:1: 971 daAuts
     D:5: 888 daAuts
     D:6: 844 daAuts
     D:7: 763 daAuts
     D:3: 735 daAuts
 Ossuary: 642 daAuts
  Temple: 279 daAuts
     D:9: 225 daAuts
